[Event "Team 45 45 League T56"]
[Site "Internet Chess Club"]
[Date "2013.02.25"]
[Round "1"]
[White "Hal2001"]
[Black "ealps"]
[Result "1-0"]
[WhiteElo "1642"]
[BlackElo "1558"]
[Opening "Sicilian: Grand Prix attack"]
[ECO "B23"]
[Time "07:01:56"]
[TimeControl "2700+45"]

1. e4 c5 2. Nc3 Nc6 3. f4 g6 4. Nf3 Bg7 5. Bb5 Nd4 6. O-O a6 7. Bc4 e6 8. e5 Ne7
9. Nxd4 cxd4 10. Ne4 d5 11. Nd6+ Kf8 12. Bb3 Nf5 13. Nxf5 exf5 14. Qf3 Be6 15.
c3 Qb6 16. Qf2 Rc8 17. Qxd4 Qxd4+ 18. cxd4 Ke7 19. d3 Rc7 20. Bd2 Rhc8 21. Ba5
Rc6 22. Bd2 b5 23. a4 h6 24. axb5 axb5 25. Bb4+ Ke8 26. Bd2 Kf8 27. Ra7 R6c7 28.
Rfa1 Kg8 29. Rxc7 Rxc7 30. Ra8+ Kh7 31. Rb8 Ra7 32. Rxb5 Ra1+ 33. Kf2 Rb1 34.
Bc3 g5 35. g3 Ra1 36. Bxd5 Ra6 37. Bxe6 {Black resigns} 1-0

[Event "Team 45 45 League T56"]
[Site "Internet Chess Club"]
[Date "2013.02.23"]
[Round "1"]
[White "parrot9"]
[Black "CorvusCorax"]
[Result "0-1"]
[WhiteElo "1663"]
[BlackElo "1576"]
[Opening "Sicilian: Hungarian variation"]
[ECO "B34"]
[Time "12:06:38"]
[TimeControl "2700+45"]

1. e4 c5 2. Nf3 g6 3. d4 cxd4 4. Nxd4 Nc6 5. Be3 Nf6 6. Nc3 Bg7 7. Be2 O-O 8.
Qd2 d5 9. Nxc6 bxc6 10. e5 Nd7 11. f4 e6 12. Bf3 c5 13. O-O-O Rb8 14. Bf2 Qa5
15. Kb1 Re8 16. h4 Bh6 17. Ne2 Qxd2 18. Rxd2 Nxe5 19. Bxc5 Nc4 20. Rd3 Rxb2+ 21.
Ka1 Bg7 22. Bd4 Rxc2 23. Bxg7 Kxg7 24. Nd4 Rd2 25. Be2 Bd7 26. Rxd2 Nxd2 27. Nb5
Bxb5 28. Bxb5 Rb8 29. Bd3 f5 30. h5 Kf6 31. hxg6 hxg6 32. Rh7 a5 33. g4 fxg4 34.
Rh6 Ne4 {White resigns} 0-1

[Event "Team 45 45 League T56"]
[Site "Internet Chess Club"]
[Date "2013.02.22"]
[Round "1"]
[White "ricnic"]
[Black "Lumumba"]
[Result "0-1"]
[WhiteElo "1451"]
[BlackElo "1487"]
[Opening "Queen's pawn, Mason variation"]
[ECO "D00"]
[Time "19:30:08"]
[TimeControl "2700+45"]

1. d4 d5 2. Bf4 Bg4 3. h3 Bh5 4. c4 Nc6 5. Qb3 Nxd4 6. Qa4+ c6 7. e3 Ne6 8. Bg3
Nc5 9. Qc2 e6 10. Nc3 Bg6 11. Qd1 Nf6 12. Nf3 Bh5 13. Be2 Nce4 14. Nxe4 Nxe4 15.
O-O Nxg3 16. fxg3 Bd6 17. Qe1 O-O 18. cxd5 exd5 19. Nd4 Bxe2 20. Nxe2 Bc5 21.
Nd4 Qb6 22. Qc3 Rae8 23. Nf5 Bxe3+ 24. Kh1 d4 25. Qb3 Qxb3 26. axb3 a6 27. Rad1
c5 28. Nxe3 Rxe3 29. Rf3 Rfe8 30. Rdf1 Rxf3 31. gxf3 Re3 32. b4 d3 33. Rd1 c4
34. Kg2 Re2+ 35. Kf1 Rxb2 36. Re1 Kf8 37. Rc1 Rxb4 38. Ke1 b5 39. Kd2 Rb3 40.
Ra1 Rb2+ 41. Kc3 Rc2+ 42. Kb4 d2 43. Rd1 c3 44. Kb3 Rc1 {White resigns} 0-1

[Event "Team 45 45 League T56"]
[Site "Internet Chess Club"]
[Date "2013.02.25"]
[Round "1"]
[White "calsal"]
[Black "ScotchYeti"]
[Result "1/2-1/2"]
[WhiteElo "1549"]
[BlackElo "1679"]
[Opening "French: advance, Paulsen attack"]
[ECO "B22"]
[Time "16:34:20"]
[TimeControl "2700+45"]

1. e4 c5 2. c3 e6 3. d4 d5 4. e5 Nc6 5. Nf3 cxd4 6. cxd4 Bb4+ 7. Nc3 Nge7 8. Bg5
h6 9. Bf4 O-O 10. a3 Ba5 11. Bd3 Bb6 12. Ne2 Bd7 13. O-O a6 14. Rc1 Na7 15. a4
Nac6 16. Qd2 Nf5 17. Bc2 Ba5 18. Qd3 Nb4 19. Qb3 Nxc2 20. Rxc2 b5 21. axb5 Bxb5
22. Rfc1 Rb8 23. Qa3 Bc4 24. Bd2 Bxd2 25. Rxd2 Rb3 26. Qa4 Qb8 27. Qa1 Qb6 28.
Rc3 Rb4 29. Nc1 Rb8 30. Rcc2 Qb5 31. Ne2 Bxe2 32. Rxe2 Nxd4 33. Nxd4 Rxd4 34. h3
Rb4 35. Qa3 d4 36. Rcd2 Rb3 37. Qd6 d3 38. Re3 Rxb2 39. Rdxd3 a5 40. Rc3 Rb1+
41. Kh2 Qa4 42. Kg3 Qb5 43. Rc5 Qb4 44. Rf3 h5 45. Qc7 h4+ 46. Kh2 Rf8 47. Rc4
Qe1 48. Rxh4 Qh1+ 49. Kg3 Rg1 50. Kf4 Rxg2 51. Rg4 Qh2+ 52. Ke3 Rxg4 53. hxg4
Qh6+ 54. Ke2 Qg5 55. Qxa5 Qxg4 56. Qc3 f6 57. Kf1 Qg5 58. exf6 Rxf6 59. Qc8+ Kh7
60. Rh3+ Rh6 61. Qxe6 {Game drawn by mutual agreement} 1/2-1/2

[Event "Team 45 45 League T56"]
[Site "Internet Chess Club"]
[Date "2013.02.21"]
[Round "1"]
[White "cBishop"]
[Black "bookseller"]
[Result "0-1"]
[WhiteElo "1645"]
[BlackElo "1674"]
[Opening "Ruy Lopez: fianchetto (Smyslov/Barnes) defense"]
[ECO "C60"]
[Time "11:06:40"]
[TimeControl "2700+45"]

1. e4 e5 2. Nf3 Nc6 3. Bb5 g6 4. O-O Bg7 5. c3 a6 6. Ba4 d6 7. d3 Ne7 8. Bg5 h6
9. Be3 O-O 10. Nbd2 f5 11. exf5 gxf5 12. Bxc6 Nxc6 13. Nb3 f4 14. Bc1 Bg4 15. c4
Qf6 16. Nbd2 Nd4 17. Ne4 Qf7 18. Bd2 Nxf3+ 19. gxf3 Bh3 20. Kh1 Bxf1 21. Qxf1
Qh5 22. Qe2 Kh8 23. Rg1 Rg8 24. Bc3 Raf8 25. b4 Kh7 26. a4 Bh8 27. Ng5+ Rxg5 28.
Qe4+ Qg6 {White resigns} 0-1

[Event "Team 45 45 League T56"]
[Site "Internet Chess Club"]
[Date "2013.02.24"]
[Round "1"]
[White "pkraus"]
[Black "dscvdchk"]
[Result "1-0"]
[WhiteElo "1593"]
[BlackElo "1512"]
[Opening "Neo-Grünfeld, 6.cd Nxd5, 7.O-O"]
[ECO "D74"]
[Time "11:02:52"]
[TimeControl "2700+45"]

1. d4 Nf6 2. c4 g6 3. g3 d5 4. cxd5 Nxd5 5. Nf3 Bg7 6. Bg2 O-O 7. O-O c6 8. Nc3
b5 9. e4 Nb6 10. Bf4 Bb7 11. Rc1 N8d7 12. Re1 Re8 13. b3 Nf8 14. Qd2 Ne6 15. Be3
Nf8 16. Bh6 e6 17. Bxg7 Kxg7 18. Ne5 f6 19. Ng4 h5 20. Ne3 e5 21. Nc2 Qd7 22.
Rcd1 Rad8 23. Nb1 Qe7 24. Qe3 Nh7 25. Nc3 Ng5 26. h4 Nf7 27. dxe5 Nxe5 28. Rxd8
Rxd8 29. Rd1 Rxd1+ 30. Nxd1 Qd6 31. Qd4 Qxd4 32. Nxd4 Kf7 33. f4 Nd3 34. Nf2
Nxf2 35. Kxf2 a6 36. Ke3 c5 37. Nc2 Ke7 38. Bf3 Kd6 39. f5 gxf5 40. exf5 Bxf3
41. Kxf3 Ke5 42. g4 hxg4+ 43. Kxg4 Nd5 44. h5 Ne7 45. h6 Nxf5 46. h7 Nh6+ 47.
Kh5 Nf7 48. Kg6 {Black resigns} 1-0

[Event "Team 45 45 League T56"]
[Site "Internet Chess Club"]
[Date "2013.02.24"]
[Round "1"]
[White "Gilguli"]
[Black "BotanicalKnight"]
[Result "0-1"]
[WhiteElo "1349"]
[BlackElo "1473"]
[Opening "Dutch with c4 & Nc3"]
[ECO "A85"]
[Time "14:51:31"]
[TimeControl "2700+45"]

1. d4 f5 2. c4 Nf6 3. Nc3 e6 4. Nf3 d5 5. cxd5 exd5 6. Qb3 c6 7. h3 Be7 8. Bf4
O-O 9. e3 Ne4 10. Nxe4 fxe4 11. Nd2 Kh8 12. f3 exf3 13. Nxf3 Qa5+ 14. Kd1 Nd7
15. Bd3 Nf6 16. Kc2 c5 17. dxc5 Qxc5+ 18. Kd2 Ne4+ 19. Ke2 Rxf4 20. Rac1 Ng3+
21. Kd2 Qa5+ 22. Qc3 Bb4 23. exf4 {White resigns} 0-1

[Event "Team 45 45 League T56"]
[Site "Internet Chess Club"]
[Date "2013.02.20"]
[Round "1"]
[White "Shijith"]
[Black "grattage"]
[Result "1-0"]
[WhiteElo "2030"]
[BlackElo "1651"]
[Opening "Queen's Indian: 4.g3 Bb7"]
[ECO "E15"]
[Time "22:02:35"]
[TimeControl "2700+45"]

1. d4 Nf6 2. c4 e6 3. Nf3 b6 4. g3 Bb7 5. Bg2 d5 6. Ne5 Nbd7 7. Qa4 c6 8. O-O
Nxe5 9. dxe5 Nd7 10. cxd5 cxd5 11. e4 dxe4 12. Nc3 Be7 13. Rd1 a6 14. Nxe4 b5
15. Qc2 Rc8 16. Qe2 Qc7 17. Bf4 Qc2 18. Qg4 Bxe4 19. Qxg7 Rf8 20. Rac1 Bxg2 21.
Rxc2 Rxc2 22. Kxg2 Rxb2 23. Qxh7 Bc5 24. Qd3 Rxf2+ 25. Kh1 {Black resigns} 1-0

[Event "Team 45 45 League T56"]
[Site "Internet Chess Club"]
[Date "2013.02.24"]
[Round "1"]
[White "chrisgu"]
[Black "seikster"]
[Result "1/2-1/2"]
[WhiteElo "2009"]
[BlackElo "1925"]
[Opening "Queen's pawn: Torre attack"]
[ECO "A46"]
[Time "12:11:06"]
[TimeControl "2700+45"]

1. Nf3 Nf6 2. d4 e6 3. Bg5 h6 4. Bh4 Be7 5. e3 b6 6. Bd3 Bb7 7. O-O Ne4 8. Bxe7
Qxe7 9. c4 O-O 10. Bxe4 Bxe4 11. Nc3 Bb7 12. e4 Nc6 13. Re1 Rad8 14. d5 Na5 15.
Qd4 Qc5 16. b3 Qxd4 17. Nxd4 c6 18. d6 c5 19. Nf3 Nc6 20. e5 f6 21. Rad1 Nb4 22.
Nh4 Kh7 23. f4 Nc2 24. Re2 Nd4 {Game drawn by mutual agreement} 1/2-1/2

[Event "Team 45 45 League T56"]
[Site "Internet Chess Club"]
[Date "2013.03.02"]
[Round "1"]
[White "PawnPusher3"]
[Black "bat30"]
[Result "0-1"]
[WhiteElo "1758"]
[BlackElo "1836"]
[Opening "Ruy Lopez: closed, Averbach variation"]
[ECO "C87"]
[Time "19:16:41"]
[TimeControl "2700+45"]

1. e4 e5 2. Nf3 Nc6 3. Bb5 a6 4. Ba4 Nf6 5. O-O Be7 6. Re1 d6 7. c3 Bg4 8. d3 b5
9. Bb3 Na5 10. Bc2 c5 11. Nbd2 Nc6 12. h3 Bh5 13. Nf1 Qc7 14. Ng3 Bg6 15. Nh4
O-O 16. f4 exf4 17. Bxf4 Nd7 18. Nhf5 Rfe8 19. h4 h6 20. h5 Bxf5 21. Nxf5 Bf8
22. d4 cxd4 23. cxd4 Nf6 24. Rc1 Qb6 25. Be3 Qb7 26. Bf4 Qb6 27. Kf1 Nb4 28. Bb1
Rac8 29. Rxc8 Rxc8 30. a3 Nc6 31. Bxd6 Nxd4 32. Qxd4 Qxd4 33. Nxd4 Bxd6 34. e5
Bxa3 35. bxa3 Nxh5 36. Nf5 Kf8 37. Nd6 Rc3 38. Kg1 Nf4 39. Rf1 g5 40. Nf5 Rc5
41. Nxh6 Rxe5 42. g3 Ne2+ 43. Kg2 Re7 44. Ba2 Ke8 45. Nxf7 Nc3 46. Bb3 Re2+ 47.
Kh1 Ne4 48. Rf3 g4 49. Rd3 Nf2+ {White resigns} 0-1

[Event "Team 45 45 League T56"]
[Site "Internet Chess Club"]
[Date "2013.02.24"]
[Round "1"]
[White "eurander"]
[Black "chiiwen"]
[Result "1/2-1/2"]
[WhiteElo "2122"]
[BlackElo "2118"]
[Opening "Sicilian: Alapin's variation (2.c3)"]
[ECO "B22"]
[Time "12:00:39"]
[TimeControl "2700+45"]

1. e4 c5 2. c3 g6 3. d4 cxd4 4. cxd4 d5 5. exd5 Nf6 6. Nc3 Nxd5 7. Bc4 Nb6 8.
Bb3 Bg7 9. Nf3 O-O 10. O-O Nc6 11. d5 Na5 12. Re1 Bg4 13. h3 Bxf3 14. Qxf3 Nxb3
15. axb3 Qd7 16. Bg5 Rfe8 17. Rad1 Nc8 18. Re2 Nd6 19. Qd3 Rad8 20. b4 a6 21.
Rde1 Bf6 22. Bxf6 exf6 23. Qd4 f5 24. Qb6 Rxe2 25. Rxe2 Rc8 26. h4 h5 27. g3 f4
28. Kh2 fxg3+ 29. fxg3 Qc7 30. Qd4 Qc4 31. Qb6 Qc7 32. Qd4 Nf5 33. Qd3 Nd6 34.
Qd4 {Game drawn by repetition} 1/2-1/2

[Event "Team 45 45 League T56"]
[Site "Internet Chess Club"]
[Date "2013.02.21"]
[Round "1"]
[White "Sir-Sinister"]
[Black "charles-allen"]
[Result "1/2-1/2"]
[WhiteElo "1990"]
[BlackElo "1879"]
[Opening "English opening"]
[ECO "A13"]
[Time "20:01:25"]
[TimeControl "2700+45"]

1. c4 e6 2. Nc3 d5 3. cxd5 exd5 4. Nf3 Nf6 5. d4 c5 6. Bf4 Nc6 7. e3 c4 8. Be2
Bb4 9. O-O O-O 10. Qc2 Ne7 11. h3 Bf5 12. Qa4 Bxc3 13. bxc3 Ne4 14. Rfc1 Ng6 15.
Bh2 Nh4 16. Be5 Nxf3+ 17. Bxf3 Qh4 18. Rf1 Nxc3 19. Qa5 Ne4 20. Qxd5 Nd2 21.
Qxb7 Nxf3+ 22. Qxf3 Be4 23. Qf4 Qxf4 24. Bxf4 Rfc8 25. Rfc1 c3 26. a4 Rc6 27. f3
Bd3 {Game drawn by mutual agreement} 1/2-1/2

[Event "Team 45 45 League T56"]
[Site "Internet Chess Club"]
[Date "2013.02.24"]
[Round "1"]
[White "j65536d"]
[Black "Bonneville"]
[Result "1-0"]
[WhiteElo "1854"]
[BlackElo "1832"]
[Opening "French defense"]
[ECO "C01"]
[Time "12:00:36"]
[TimeControl "2700+45"]

1. e4 e6 2. d4 Nf6 3. e5 Ne4 4. Bd3 f5 5. Bxe4 fxe4 6. Nd2 d5 7. exd6 e3 8. fxe3
Bxd6 9. Ngf3 Na6 10. Ne4 b5 11. O-O O-O 12. Qd3 Bd7 13. Neg5 Rf5 14. e4 Nb4 15.
Qb3 Rf8 16. a3 Nc6 17. Nxe6 Bxe6 18. Qxe6+ Kh8 19. Bg5 Nxd4 20. Qd5 Ne2+ 21. Kh1
Nf4 22. Qxb5 Qe8 23. Qxe8 Raxe8 24. Rae1 c5 25. e5 Bb8 26. Re4 Ne6 27. Bd2 Re7
28. Rfe1 Rf5 29. b4 a6 30. c4 Ba7 31. b5 axb5 32. cxb5 Rc7 33. a4 Bb8 34. a5
Rcf7 35. h3 Rd7 36. Bc3 Bc7 37. b6 Bd8 38. Rb1 Rb7 39. Re2 Rf4 40. Rd2 Rc4 41.
Rd6 Re7 42. Be1 h6 43. b7 Bc7 44. b8=Q+ {Black resigns} 1-0

[Event "Team 45 45 League T56"]
[Site "Internet Chess Club"]
[Date "2013.02.24"]
[Round "1"]
[White "jrobic7"]
[Black "ChessicalZ"]
[Result "1-0"]
[WhiteElo "1840"]
[BlackElo "1713"]
[Opening "Alekhine's defense: modern, Flohr variation"]
[ECO "B05"]
[Time "12:01:38"]
[TimeControl "2700+45"]

1. e4 Nf6 2. e5 Nd5 3. d4 d6 4. Nf3 Bg4 5. Be2 c6 6. O-O Bxf3 7. Bxf3 dxe5 8.
dxe5 e6 9. c4 Ne7 10. Qxd8+ Kxd8 11. Nc3 Nd7 12. Rd1 Ng6 13. Be2 Nxe5 14. Bf4
Ng6 15. Bg3 Bb4 16. Ne4 e5 17. Bg4 Nf8 18. Bxe5 f6 19. Nxf6 gxf6 20. Bxf6+
{Black resigns} 1-0

[Event "Team 45 45 League T56"]
[Site "Internet Chess Club"]
[Date "2013.02.23"]
[Round "1"]
[White "scottk74"]
[Black "carokantor"]
[Result "0-1"]
[WhiteElo "1668"]
[BlackElo "2049"]
[Opening "Caro-Kann: Panov-Botvinnik attack, 5...e6"]
[ECO "B14"]
[Time "15:00:45"]
[TimeControl "2700+45"]

1. e4 c6 2. d4 d5 3. exd5 cxd5 4. c4 Nf6 5. Nc3 e6 6. Nf3 Bb4 7. Bd3 dxc4 8.
Bxc4 Nbd7 9. O-O O-O 10. Qb3 Be7 11. Rd1 Nb6 12. Bd3 Bd7 13. Ne5 Rc8 14. Bf4
Nbd5 15. Bg3 Nb4 16. Be2 Nfd5 17. a3 Nxc3 18. bxc3 Nd5 19. c4 Nb6 20. a4 Bc6 21.
Nxc6 bxc6 22. a5 Nd7 23. Qb7 Nf6 24. Qxa7 Ne4 25. Bf4 Nc3 26. Rd2 Nxe2+ 27. Rxe2
Ra8 28. Qc7 Qxd4 29. Rae1 Bb4 30. Re4 Qc5 31. Be3 Qxa5 32. Qxa5 Rxa5 33. Rb1 Bc3
34. Bd4 Bxd4 35. Rxd4 g6 36. g3 Rfa8 37. Rd6 Rc5 38. Rb4 Ra1+ 39. Kg2 Rc1 40.
Rb8+ Kg7 41. Rb7 R1xc4 42. Rxe6 Rc2 43. Re3 Rf5 44. Rf3 Rxf3 45. Kxf3 h5 46. h4
Kf6 47. Ke3 Ke6 48. Rb8 Kf5 49. Re8 f6 50. Ra8 g5 51. hxg5 fxg5 52. Rf8+ Kg4 53.
Rf7 c5 54. Kd3 Rc1 55. Kd2 Rc4 56. Kd3 Rd4+ 57. Ke3 Ra4 58. Rf6 Ra3+ 59. Kd2 Rf3
{White resigns} 0-1

[Event "Team 45 45 League T56"]
[Site "Internet Chess Club"]
[Date "2013.02.24"]
[Round "1"]
[White "M-Tuzel"]
[Black "Gorongonde"]
[Result "1-0"]
[WhiteElo "1568"]
[BlackElo "1708"]
[Opening "Sicilian: closed"]
[ECO "B23"]
[Time "08:54:40"]
[TimeControl "2700+45"]

1. e4 c5 2. Nc3 e6 3. Bc4 a6 4. a4 Nc6 5. d3 g6 6. f4 Bg7 7. Nf3 d6 8. O-O Nge7
9. Qe1 O-O 10. e5 dxe5 11. fxe5 Nxe5 12. Nxe5 Qd4+ 13. Be3 Qxe5 14. Qf2 b6 15.
Rae1 Nf5 16. Bf4 Qd4 17. Ne4 Qxf2+ 18. Rxf2 Bd4 19. g4 Bxf2+ 20. Kxf2 Nd4 21. c3
Nc6 22. Bd6 Ra7 23. Nf6+ Kg7 24. Bxf8+ Kxf8 25. g5 Kg7 26. Ne8+ Kf8 27. Nf6 Ne7
28. Nxh7+ Kg7 29. Nf6 Bb7 30. Re3 Nd5 31. Bxd5 Bxd5 32. Rh3 Bc6 33. b3 b5 34. a5
Kf8 35. Rh8+ Ke7 36. h4 Kd6 37. Rd8+ Ke5 38. Ke3 Kf5 39. Rc8 Bd5 40. Rxc5 {Black
resigns} 1-0

[Event "Team 45 45 League T56"]
[Site "Internet Chess Club"]
[Date "2013.02.24"]
[Round "1"]
[White "TerryMalloy"]
[Black "Goli"]
[Result "1-0"]
[WhiteElo "2076"]
[BlackElo "1892"]
[Opening "Benkö gambit: Zaitsev system"]
[ECO "A57"]
[Time "16:02:55"]
[TimeControl "2700+45"]

1. d4 Nf6 2. c4 c5 3. d5 b5 4. cxb5 a6 5. Nc3 axb5 6. e4 b4 7. Nb5 d6 8. Bf4
Nbd7 9. Nf3 Ba6 10. e5 Nh5 11. Bg5 Qa5 12. a4 bxa3+ 13. Bd2 Qd8 14. Rxa3 dxe5
15. Nxe5 Nhf6 16. Nc6 Qc8 17. Bc4 Bxb5 18. Bxb5 Nxd5 19. O-O e6 20. Ne5 Nf6 21.
Qf3 Rb8 22. Bxd7+ Nxd7 23. Qxf7+ Kd8 24. Ba5+ {Black resigns} 1-0

[Event "Team 45 45 League T56"]
[Site "Internet Chess Club"]
[Date "2013.02.22"]
[Round "1"]
[White "room-matt"]
[Black "matein7"]
[Result "1-0"]
[WhiteElo "1818"]
[BlackElo "1792"]
[Opening "Queen's pawn game"]
[ECO "A45"]
[Time "15:13:06"]
[TimeControl "2700+45"]

1. d4 Nf6 2. Nc3 c5 3. Nf3 cxd4 4. Nxd4 d6 5. Bg5 Nbd7 6. e4 a6 7. Be2 e5 8. Nf5
Nc5 9. Bg4 Qb6 10. Bxf6 Qxb2 11. Nd5 Nxe4 12. Nc7+ Kd7 13. Nxa8 Qb4+ 14. Kf1
Nxf6 15. Nxd6+ Qxg4 16. Nxf7+ Kc6 17. Nxh8 Be6 18. Qd8 Bc4+ 19. Kg1 Bc5 20. Qc7+
Kd5 21. Qxb7+ Kd4 22. Qb2+ Ke4 23. Re1+ Kf5 24. Qxe5# {Black checkmated} 1-0

[Event "Team 45 45 League T56"]
[Site "Internet Chess Club"]
[Date "2013.02.21"]
[Round "1"]
[White "Buford-Julep"]
[Black "tsia68"]
[Result "1-0"]
[WhiteElo "1719"]
[BlackElo "1785"]
[Opening "English opening"]
[ECO "A10"]
[Time "16:01:14"]
[TimeControl "2700+45"]

1. c4 d6 2. Nc3 Nf6 3. g3 g6 4. Bg2 Bg7 5. Nf3 O-O 6. O-O Nc6 7. d3 e5 8. Rb1 a5
9. a3 Bd7 10. b4 axb4 11. axb4 Nh5 12. b5 Nd4 13. Bb2 f5 14. e3 Ne6 15. Ra1 c6
16. Qb3 Nc5 17. Qc2 Qc7 18. bxc6 bxc6 19. Nd2 Rxa1 20. Rxa1 Nf6 21. d4 exd4 22.
exd4 Ne6 23. Ne2 Rb8 24. Bc3 Qb6 25. Qa4 c5 26. Qa6 cxd4 27. Qxb6 Rxb6 28. Nxd4
Ne4 29. Ra8+ Kf7 30. Bxe4 fxe4 31. Ra7 Ke7 32. Nb5 Bxc3 33. Nxc3 Nc5 34. Nd5+
{Black resigns} 1-0

[Event "Team 45 45 League T56"]
[Site "Internet Chess Club"]
[Date "2013.02.23"]
[Round "1"]
[White "Duguesclin"]
[Black "bondguy01"]
[Result "0-1"]
[WhiteElo "1603"]
[BlackElo "1691"]
[Opening "QGD: Tartakower (Makagonov-Bondarevsky) system, 8.cd Nxd5"]
[ECO "D59"]
[Time "13:01:05"]
[TimeControl "2700+45"]

1. d4 d5 2. c4 e6 3. Nf3 Nf6 4. Bg5 Be7 5. e3 h6 6. Bh4 O-O 7. Nc3 b6 8. cxd5
Nxd5 9. Bxe7 Qxe7 10. Be2 Bb7 11. O-O Nd7 12. Rc1 Rfc8 13. Re1 c5 14. Bc4 Nxc3
15. bxc3 Nf6 16. Ne5 Nd7 17. Nf3 cxd4 18. cxd4 e5 19. d5 e4 20. Nd4 Ne5 21. Nc6
Bxc6 22. dxc6 Rxc6 23. Bd5 Rxc1 24. Qxc1 Nd3 25. Qc4 Rd8 26. Rb1 Nc5 27. Rb4 Kf8
28. g3 Nd3 29. Rb3 Qf6 30. f4 Nc5 31. Rb1 Qe7 32. a4 Qd7 33. Bxe4 Qxa4 34. Qxa4
Nxa4 35. Ra1 b5 36. Bc6 a6 37. Bb7 Rd6 38. Rc1 Ke7 39. Rc7+ Ke6 40. e4 a5 41.
Bd5+ Rxd5 42. exd5+ Kxd5 43. Rxf7 Nc3 44. Kf2 a4 45. Ra7 b4 46. Ke3 Kc4 47. Rxg7
a3 48. Ra7 a2 49. f5 Kb3 50. Kd4 Na4 51. Rxa4 Kxa4 52. Ke5 a1=Q+ 53. Ke6 Qe1+
54. Kf7 Qf2 55. Kg6 Qxh2 56. g4 Qg3 57. Kxh6 Qxg4 58. f6 Qf4+ 59. Kg7 b3 {White
resigns} 0-1

[Event "Team 45 45 League T56"]
[Site "Internet Chess Club"]
[Date "2013.02.23"]
[Round "1"]
[White "mongmong"]
[Black "pereelcoix"]
[Result "0-1"]
[WhiteElo "1604"]
[BlackElo "1520"]
[Opening "Queen's pawn game"]
[ECO "D05"]
[Time "06:00:47"]
[TimeControl "2700+45"]

1. d4 d5 2. Nf3 e6 3. e3 Nf6 4. Bd3 Be7 5. Nbd2 O-O 6. O-O Nc6 7. c3 Qd6 8. Qe2
b6 9. e4 dxe4 10. Nxe4 Nxe4 11. Qxe4 f5 12. Qe2 Bb7 13. Re1 Nd8 14. Ne5 Bf6 15.
h3 Bxe5 16. Qxe5 Qxe5 17. Rxe5 Bd5 18. Bg5 h6 19. Bxd8 Raxd8 20. a3 c5 21. dxc5
bxc5 22. Rae1 Bxg2 23. Kxg2 Rxd3 24. Rxe6 Rfd8 25. Ra6 R3d7 26. Re5 c4 27. Rxf5
Rb8 28. Rc5 Rxb2 29. Rxc4 Rf7 30. Rg4 Rbxf2+ 31. Kg3 R7f3+ 32. Kh4 g5+ 33. Kh5
Rxh3+ 34. Kg6 Rf7 35. Rc4 Rg7+ 36. Kf5 Kh7 37. Re4 Rf3+ 38. Ke5 g4 39. Kd4 g3
40. Ree6 g2 41. Rxh6+ Kg8 {White resigns} 0-1

[Event "Team 45 45 League T56"]
[Site "Internet Chess Club"]
[Date "2013.02.23"]
[Round "1"]
[White "BrianWood"]
[Black "Grimsey"]
[Result "0-1"]
[WhiteElo "1429"]
[BlackElo "1584"]
[Opening "French: exchange variation"]
[ECO "C01"]
[Time "16:17:33"]
[TimeControl "2700+45"]

1. e4 e6 2. d4 d5 3. exd5 exd5 4. c4 c6 5. Nf3 Bb4+ 6. Nc3 Ne7 7. Be2 O-O 8. O-O
h6 9. cxd5 Nxd5 10. Nxd5 Qxd5 11. a3 Be7 12. b3 Bg4 13. Bc4 Bxf3 14. Bxd5 Bxd1
15. Bxf7+ Rxf7 16. Rxd1 {White resigns} 0-1

[Event "Team 45 45 League T56"]
[Site "Internet Chess Club"]
[Date "2013.02.22"]
[Round "1"]
[White "JohLeb"]
[Black "PANAMA-REY"]
[Result "0-1"]
[WhiteElo "1364"]
[BlackElo "1447"]
[Opening "QGD Slav: 4.Nc3"]
[ECO "D15"]
[Time "13:00:44"]
[TimeControl "2700+45"]

1. d4 d5 2. c4 c6 3. Nc3 Nf6 4. Nf3 Bg4 5. e3 e6 6. b3 Nbd7 7. Be2 Bb4 8. Bd2
O-O 9. a3 Bd6 10. h3 Bf5 11. O-O h6 12. Nh4 Be4 13. f4 Nh7 14. Bf3 Bxf3 15. Nxf3
f6 16. c5 Bc7 17. Qc2 e5 18. e4 dxe4 19. Nxe4 Qe8 20. Rae1 Qg6 21. Qc4+ Kh8 22.
Nh4 Qh5 23. Nf3 exf4 24. Qe6 Rad8 25. Nd6 Bxd6 26. Qxd6 Ne5 27. Qd7 {White
resigns} 0-1

[Event "Team 45 45 League T56"]
[Site "Internet Chess Club"]
[Date "2013.02.23"]
[Round "1"]
[White "otib2006"]
[Black "Ocius"]
[Result "1-0"]
[WhiteElo "1285"]
[BlackElo "1230"]
[Opening "Queen's pawn: stonewall attack"]
[ECO "D00"]
[Time "18:00:40"]
[TimeControl "2700+45"]

1. d4 d5 2. e3 Nf6 3. Bd3 Nc6 4. Nf3 e6 5. O-O Ne4 6. Nbd2 f5 7. Ne5 Nxe5 8.
dxe5 Nxd2 9. Bxd2 Be7 10. c4 d4 11. e4 O-O 12. b4 f4 13. Qg4 g5 14. c5 Bd7 15.
a4 Be8 16. Qxe6+ Bf7 17. Qg4 h5 18. Qf5 Kg7 19. e6 Bg6 20. Qh3 g4 21. Qxg4 hxg4
22. f3 g3 23. h3 Rh8 24. Bxf4 c6 25. Bxg3 Bh4 26. Be5+ Bf6 27. Bg3 Rxh3 28. gxh3
Qh8 29. Kg2 Bh4 30. f4 Bxg3 31. Kxg3 Qh6 32. f5 Qe3+ 33. Rf3 Qg5+ 34. Kh2 Bh5
35. Rg3 Bg4 36. Rxg4 Qxg4 37. hxg4 Rh8+ 38. Kg3 Kf6 39. b5 Kg5 40. e5 Rh4 41. e7
Rxg4+ 42. Kf2 Rf4+ 43. Ke2 Rg4 44. e8=Q Rg2+ 45. Kf3 Rd2 46. Qg8+ Kh6 47. Rh1+
Rh2 48. Rxh2# {Black checkmated} 1-0

[Event "Team 45 45 League T56"]
[Site "Internet Chess Club"]
[Date "2013.02.23"]
[Round "1"]
[White "Invicta-Knight"]
[Black "Hal2001"]
[Result "0-1"]
[WhiteElo "1451"]
[BlackElo "1629"]
[Opening "Robatsch defense"]
[ECO "B06"]
[Time "06:05:49"]
[TimeControl "2700+45"]

1. e4 g6 2. d4 Bg7 3. Nc3 c5 4. Be3 cxd4 5. Bxd4 Nf6 6. e5 Ng8 7. e6 f6 8. exd7+
Bxd7 9. Nf3 Nh6 10. Bc4 Nf7 11. Qe2 O-O 12. O-O-O e5 13. Be3 Qc8 14. Nd5 Re8 15.
Kb1 Be6 16. Bb5 Nd7 17. Qd2 Kh8 18. Nc3 Rd8 19. h4 Nb6 20. Qe2 Nc4 21. Rxd8+
Nxd8 22. h5 Nxe3 23. Qxe3 g5 24. Ne4 h6 25. Qa3 Nc6 26. Nd6 Qc7 27. Bc4 Bxc4 28.
Nxc4 Rd8 29. Kc1 Qd7 30. Ne3 e4 31. Rd1 Qc8 32. Rxd8+ Qxd8 33. Nd2 Qd4 34. Qb3
f5 35. Qc3 Qxc3 36. bxc3 Ne7 37. Kb2 Kg8 38. Kb3 Kf7 39. c4 Ke6 40. Kb4 Ke5 41.
c3 f4 42. Ng4+ Kf5 43. Nh2 g4 44. g3 e3 45. fxe3 fxe3 {White resigns} 0-1

[Event "Team 45 45 League T56"]
[Site "Internet Chess Club"]
[Date "2013.02.24"]
[Round "1"]
[White "MinnArkie"]
[Black "dscvdchk"]
[Result "1-0"]
[WhiteElo "1591"]
[BlackElo "1499"]
[Opening "Scandinavian defense"]
[ECO "B01"]
[Time "17:04:56"]
[TimeControl "2700+45"]

1. e4 d5 2. exd5 Nf6 3. d4 Bg4 4. Be2 Bxe2 5. Nxe2 Qxd5 6. O-O g6 7. Nbc3 Qh5 8.
f3 Bg7 9. Ng3 Qa5 10. Be3 c6 11. Qd2 O-O 12. Nge4 Nd5 13. Nxd5 Qxd2 14. Nxe7+
Kh8 15. Nxg6+ fxg6 16. Nxd2 Nd7 17. c3 Rae8 18. Rae1 b6 19. Ne4 Nf6 20. Nxf6
Rxf6 21. Bh6 Rfe6 22. Bxg7+ Kxg7 23. Rxe6 Rxe6 24. Kf2 Kf7 25. Re1 Rd6 26. Re2
Rd5 27. Re5 Rd6 28. Ke3 h6 29. b3 a6 30. c4 h5 31. h4 Rd7 32. g4 hxg4 33. fxg4
Rd6 34. Ke4 Rf6 35. h5 Kg7 36. hxg6 Kxg6 37. d5 cxd5+ 38. Kxd5 Kf7 39. Rf5
{Black resigns} 1-0

[Event "Team 45 45 League T56"]
[Site "Internet Chess Club"]
[Date "2013.02.25"]
[Round "1"]
[White "BrerRabbit"]
[Black "PaulRichard"]
[Result "1-0"]
[WhiteElo "1469"]
[BlackElo "1536"]
[Opening "Queen's pawn"]
[ECO "A40"]
[Time "10:32:21"]
[TimeControl "2700+45"]

1. d4 e6 2. Nf3 c5 3. c3 Nf6 4. Bf4 b6 5. e3 Bb7 6. Bd3 cxd4 7. cxd4 Be7 8. h3
O-O 9. Nc3 d5 10. O-O h6 11. Rc1 Bd6 12. Bxd6 Qxd6 13. Nb5 Qd7 14. Rc7 Qe8 15.
Rxb7 Qc6 16. Rc7 Qe8 17. Rxa7 Rxa7 18. Nxa7 Qd7 19. Nb5 Rc8 20. Ne5 Qe7 21. Qd2
Nbd7 22. Nxd7 Qxd7 23. Rc1 Rxc1+ 24. Qxc1 Kf8 25. Qc7 Qxc7 26. Nxc7 Ke7 27. Na8
Nd7 28. Bb5 {Black resigns} 1-0